 Dungeon Crawl Stone Soup version 0.30.0-10-gfe55d96785 (webtiles) character file.

Game seed: 2353568690415193738

161 tish the Caller (level 5, -6/40 HPs)
             Began as a Barachi Summoner on May 15, 2023.
             Killed by divine providence
             ... invoked by an orc priest
              (17 damage)
             ... on level 3 of the Dungeon on May 16, 2023.
             The game lasted 00:09:53 (2254 turns).

tish the Caller (Barachi Summoner)                  Turns: 2254, Time: 00:09:56

Health: -6/40      AC:  6    Str: 11    XL:     5   Next: 42%
Magic:  8/9        EV: 10    Int: 16    God:
Gold:   188        SH:  0    Dex: 12    Spells: 3/9 levels left

rFire   + . .        k - +0 spear
rCold   . . .        (no shield)
rNeg    . . .        u - +0 ring mail
rPois   .            (no helmet)
rElec   .            o - +0 cloak
rCorr   .            (no gloves)
SInv    .            (no boots)
Will    .....        (no amulet)
Stlth   +            l - ring of protection from fire
HPRegen 0.26/turn    (no ring)
MPRegen 0.11/turn

%: no passive effects
@: slow
A: amphibious, slowness 1, strong legs 1, +LOS
a: Hop


You were on level 3 of the Dungeon.
You visited 1 branch of the dungeon, and saw 3 of its levels.

You collected 188 gold pieces.

Inventory:

Hand Weapons
 d - a +2 dagger of venom
 k - a +0 spear (weapon)
Armour
 a - a +0 robe
 o - a +0 cloak (worn)
 u - a +0 ring mail (worn)
Jewellery
 l - a ring of protection from fire (left hand)
Wands
 n - a wand of flame (17)
 v - a wand of polymorph (6)
Scrolls
 e - a scroll of enchant weapon {unknown}
 g - 2 scrolls of identify {unknown}
 i - a scroll of poison {unknown}
 j - a scroll of acquirement {unknown}
 s - a scroll of fog {unknown}
Potions
 b - 2 potions of magic
 c - 2 potions of curing
 f - a potion of flight {unknown}
 h - a potion of cancellation {unknown}
 m - a potion of berserk rage {unknown}
 p - a potion of lignification {unknown}
 q - a potion of haste {unknown}
 r - a potion of heal wounds {unknown}
 t - a potion of mutation {unknown}


   Skills:
 * Level 2.8 Fighting
 + Level 1.4 Short Blades
 + Level 0.4 Polearms
 - Level 2.1 Dodging
 - Level 1.7 Stealth
 + Level 2.7 Spellcasting
 + Level 6.5 Summonings


You had 3 spell levels left.
You knew the following spells:

 Your Spells              Type           Power      Damage    Failure   Level
a - Summon Small Mammal   Summ           88%        N/A       3%          1
b - Call Imp              Summ           44%        N/A       4%          2
c - Call Canine Familiar  Summ           22%        N/A       10%         3

Your spell library contained the following spells:

 Spells                   Type           Power      Damage    Failure   Level
 Summon Guardian Golem    Hex/Summ       12%        N/A       36%         3
 Necrotise                Necr           8%         1d4       43%         1
 Summon Lightning Spire   Summ/Air       12%        N/A       77%         4


Dungeon Overview and Level Annotations

Branches:
Dungeon (3/15)

Altars:
Sif Muna
Trog


Innate Abilities, Weirdness & Mutations

You are amphibious.
You cover ground slowly.
You can hop short distances.
You have an extended range of vision and can be seen from far away.


Message History

You hear some strange, mumbled words.
You are more confused.
Are you sure you want to stumble around while confused and next to your hound?
Okay, then.
Something hits you but does no damage. Something hits you.
The orc priest looks satisfied for a moment.
You hear some strange, mumbled words.
Something tries to affect you, but you resist.
Something completely misses you. Something hits you but does no damage.
Something hits you.
The orc priest mumbles some strange prayers to Beogh against you.
Something hits you but does no damage.
The orc priest invokes the aid of Beogh against you.
Beogh smites you!
* * * LOW HITPOINT WARNING * * *
Something hits you.
* * * LOW HITPOINT WARNING * * *
Are you sure you want to stumble around while confused and next to your hound?
Okay, then.
Something hits you but does no damage.
You writhe in agony.
* * * LOW HITPOINT WARNING * * *
Something hits you but does no damage.
You feel less confused. Something hits you but does no damage.
Something hits your hound.
Your hound barely misses something.
Reach: k) +0 spear
Press: ? - help, Dir - move target You reach to attack!
You miss something.
Your hound bites something but does no damage.
Something misses your hound.
Your hound closely misses something.
Reach: k) +0 spear
Press: ? - help, Dir - move target You could not reach far enough!
Something hits your hound but does no damage.
Your hound writhes in agony.
The orc priest mumbles some strange prayers to Beogh against you.
Beogh smites you!
You die...

................####.......h.....
#####.###.##.......####.B.)....B.
#.########.# #..o###
###.###.)........####.#<..####.
.......................#.#......
............#.............#####.
###########.#.######).....# ..
..........#.#.h{oo......##..#
##############.#@######...>...#
..........................#####
############...#.###..##..#
...........#.# #..##..#
#########..#.# #..##..#
#..#.###..##..#######
#..#......##.........
#..######.###.#######
#.............#


You could see an orc priest, an orc and a friendly hound (summoned).

Vanquished Creatures
  A gnoll (D:3)
  3 adders (D:2)
  A white imp (D:3)
  A dart slug (D:3)
  5 ball pythons
  4 bats
  3 endoplasms (D:1)
  6 goblins
  2 hobgoblins
  11 jackals
  2 kobolds
  4 quokkas
  3 frilled lizards (D:1)
  3 rats (D:1)
49 creatures vanquished.

Vanquished Creatures (collateral kills)
  Robin (D:2)
  2 adders (D:2)
  An orc (D:3)
  An endoplasm (D:2)
  A giant cockroach (D:3)
  10 goblins
  3 hobgoblins (D:2)
  A jackal (D:1)
  2 ball pythons
  2 frilled lizards
  2 kobolds (D:2)
  2 rats
28 creatures vanquished.

Grand Total: 77 creatures vanquished

Notes
Turn   | Place    | Note
-------+----------+-------------------------------------------
     0 | D:1      | tish the Barachi Summoner began the quest for the Orb.
     0 | D:1      | Reached XP level 1. HP: 13/13 MP: 3/3
    41 | D:1      | Reached skill level 5 in Summonings
   106 | D:1      | Reached XP level 2. HP: 5/20 MP: 5/5
   267 | D:1      | Reached skill level 1 in Fighting
   580 | D:1      | Reached XP level 3. HP: 26/26 MP: 6/6
   591 | D:1      | Learned a level 2 spell: Call Imp
   595 | D:1      | Learned a level 3 spell: Call Canine Familiar
  1125 | D:2      | Found a faded altar of an unknown god.
  1137 | D:2      | Reached skill level 6 in Summonings
  1137 | D:2      | Reached XP level 4. HP: 31/33 MP: 1/7
  1232 | D:2      | Noticed Robin
  1237 | D:2      | Reached skill level 1 in Short Blades
  1245 | D:2      | Killed Robin
  1457 | D:2      | Reached XP level 5. HP: 37/39 MP: 2/8
  1929 | D:3      | Found a shimmering blue altar of Sif Muna.
  1949 | D:3      | Got Sif Muna's Vellum of Mortification
  2009 | D:3      | Found a bloodstained altar of Trog.
  2254 | D:3      | Killed from afar by an orc priest

Illustrated notes

Levels and vault maps discovered:
D:1:      wander_arrival_peaceful_grave, layout_basic
D:2:      layout_rooms, ebering_ecumenical_altar_box, uniq_robin
D:3:      layout_basic, nzn_overflow_gifts_of_might_and_magic

Skill      XL: |  1  2  3  4 |
---------------+-------------+-----
Summonings     | 5 6 |  6.5
Fighting       | 1 2 |  2.8
Short Blades   | 1 |  1.4
Polearms       | |  0.4
Dodging        | |  2.1
Stealth        | |  1.7
Spellcasting   | |  2.7

Action                     |  1- 3 |  4- 6 || total
---------------------------+-------+-------++-------
  Melee: Dagger            |    87 |    12 ||    99
         Punch             |     2 |       ||     2
         Spear             |       |    48 ||    48
   Cast: Call Imp          |     2 |     5 ||     7
         Summon Small Mamm |     1 |     6 ||     7
         Call Canine Famil |     1 |     6 ||     7
Ability: Hop               |     1 |     1 ||     2
    Use: Potion            |       |     1 ||     1
   Stab: Sleeping          |     4 |       ||     4
 Armour: Robe              |    14 |     7 ||    21
         Ring mail         |       |     9 ||     9
  Dodge: Dodged            |    61 |    44 ||   105
